 Dungeon Crawl Stone Soup version 0.23-a0-582-g1b4a0ca2fb (webtiles) character file.

302650 twirl the Slayer (level 21, -1/156 HPs)
             Began as a Gargoyle Fighter on Dec 15, 2018.
             Was the Champion of Okawaru.
             Shot with a bolt by a tengu warrior (3 damage)
             ... on level 3 of the Depths on Dec 16, 2018.
             The game lasted 02:57:25 (47911 turns).

twirl the Slayer (Gargoyle Fighter)                Turns: 47911, Time: 02:57:25

Health: -1/156     AC: 48    Str: 24    XL:     21   Next: 7%
Magic:  26/27      EV: 12    Int: 12    God:    Okawaru [******]
Gold:   815        SH: 20    Dex: 17    Spells: 11/24 levels left

rFire    + + +     SeeInvis .   a - +10 morningstar "Eos" {elec, Halo rElec}
rCold    + + +     Gourm    .   T - +0 shield
rNeg     + . .     Faith    .   Y - +7 plate armour of Zainaxam {Regen+}
rPois    ∞         Spirit   .   K - +0 hat {Int+3}
rElec    +         Reflect  +   A - scarf {rC+ rF+}
rCorr    .         Harm     .   I - +0 pair of gloves of Exclusion {*Corrode rC+++ Dex+4 Stlth+}
MR       ++...                  y - +0 pair of boots
Stlth    ..........             G - +5 amulet of reflection
HPRegen  0.76/turn              j - ring of protection from magic
MPRegen  0.20/turn              r - ring "Gostra" {rF++ AC+5 Int-4 Dex+4 Stlth+}

@: very slightly contaminated, glowing
A: big wings, negative energy resistance 1, electricity resistance, weak 1,
unbreathing, petrification resistance, rot immunity, AC +16
}: 2/15 runes: serpentine, barnacled
a: Fly, Heroism, Finesse, Renounce Religion


You were on level 3 of the Depths.
You worshipped Okawaru.
Okawaru was exalted by your worship.
You were hungry.

You visited 7 branches of the dungeon, and saw 35 of its levels.
You visited 1 bazaar.
You also visited: Bailey, Gauntlet and Ice Cave.

You collected 4296 gold pieces.
You spent 3481 gold pieces at shops.

Inventory:

Hand Weapons
 a - the +10 morningstar "Eos" (weapon) {elec, Halo rElec}
   (You bought it in a shop in a bazaar)

   Occasionally, upon striking a foe, it will discharge some electrical energy
   and cause terrible harm.
   It insulates you from electricity.
Missiles
 s - 10 throwing nets (quivered)
Armour
 y - a +0 pair of boots (worn)
 A - a scarf of resistance (worn)
 I - the +0 pair of gloves of Exclusion (worn) {*Corrode rC+++ Dex+4 Stlth+}
   (Okawaru gifted it to you on level 8 of the Dungeon)

   It affects your dexterity (+4).
   It renders you almost immune to cold.
   It may corrode you when you take damage.
   It makes you more stealthy.
 K - a +0 hat of intelligence (worn)
 T - a +0 shield (worn)
 Y - the +7 plate armour of Zainaxam (worn) {Regen+}
   (Okawaru gifted it to you on level 4 of the Shoals)

   It increases your rate of regeneration.
Jewellery
 j - a ring of protection from magic (left hand)
 o - the ring "Sutroev" {-Tele rPois rF+ rN+ Str+3}
   (You took it off a vampire knight on level 2 of the Depths)

   [ring of protection from fire]

   It affects your strength (+3).
   It protects you from fire.
   It protects you from poison.
   It protects you from negative energy.
   It prevents most forms of teleportation.
 r - the ring "Gostra" (right hand) {rF++ AC+5 Int-4 Dex+4 Stlth+}
   (You took it off a vampire knight on level 2 of the Depths)

   [ring of protection]

   It affects your AC (+5).
   It affects your intelligence (-4).
   It affects your dexterity (+4).
   It greatly protects you from fire.
   It makes you more stealthy.
 E - the ring of Tamneropn {rN+ SInv, unknown}
   (You found it on level 2 of the Depths)

   [ring of see invisible]

   It protects you from negative energy.
   It lets you see invisible.
 G - a +5 amulet of reflection (around neck)
Wands
 c - a wand of iceblast (27)
 m - a wand of digging (2)
 L - a wand of enslavement (13)
 M - a wand of acid (14)
 P - a wand of disintegration (46)
 Q - a wand of paralysis (17)
 R - a wand of clouds (9)
Scrolls
 e - 3 scrolls of fear
 h - 7 scrolls of fog
 i - 16 scrolls of remove curse
 k - 13 scrolls of immolation
 l - 6 scrolls of magic mapping
 n - 7 scrolls of enchant weapon
 q - 13 scrolls of teleportation
 t - 4 scrolls of blinking
 B - 4 scrolls of torment
 D - 11 scrolls of enchant armour
 H - a scroll of acquirement
 N - 5 scrolls of vulnerability
 V - 9 scrolls of identify
Potions
 b - 4 potions of cancellation
 d - 6 potions of might
 g - 10 potions of mutation
 p - 3 potions of ambrosia
 u - 2 potions of heal wounds
 v - 8 potions of haste
 w - 4 potions of agility
 x - a potion of invisibility
 z - 10 potions of curing
 J - 4 potions of lignification
 O - 4 potions of brilliance
 U - 2 potions of berserk rage
 W - 2 potions of resistance
 X - a potion of magic
Comestibles
 f - 51 rations


   Skills:
 + Level 24.2 Fighting
 - Level 16.0 Maces & Flails
 - Level 16.1 Armour
 - Level 6.6 Dodging
 - Level 15.0 Shields
 - Level 2.0 Spellcasting
 - Level 3.0 Charms
 - Level 3.0 Air Magic
 - Level 8.0 Invocations


You had 11 spell levels left.
You knew the following spells:

 Your Spells              Type           Power        Failure   Level  Hunger
a - Deflect Missiles      Chrm/Air       #.........   100%        6    #######
b - Passwall              Tmut/Erth      #.......     96%         2    ###....
c - Apportation           Tloc           #.....       89%         1    ##.....
d - Passage of Golubria   Tloc           N/A          100%        4    #####..

Your spell library contained the following spells:

 Spells                   Type           Power        Failure   Level  Hunger
 Swiftness                Chrm/Air       #.......     65%         2    ###....
 Animate Skeleton         Necr           N/A          89%         1    ##.....
 Confusing Touch          Hex            #.....       89%         1    ##.....
 Magic Dart               Conj           #...         89%         1    ##.....
 Pain                     Necr           #...         89%         1    ##.....
 Sandblast                Erth           #.....       89%         1    ##.....
 Summon Butterflies       Summ           #.......     89%         1    ##.....
 Summon Small Mammal      Summ           #...         89%         1    ##.....
 Searing Ray              Conj           #.....       96%         2    ###....
 Regeneration             Chrm/Necr      #.........   97%         3    ####...
 Call Canine Familiar     Summ           #.......     99%         3    ####...
 Confuse                  Hex            #.......     99%         3    ####...
 Dazzling Spray           Conj/Hex       #.....       99%         3    ####...
 Gell's Gravitas          Tloc           #.........   99%         3    ####...
 Ignite Poison            Fire/Tmut/Pois #.......     99%         3    ####...
 Stone Arrow              Conj/Erth      #.....       99%         3    ####...
 Vampiric Draining        Necr           #.........   99%         3    ####...
 Animate Dead             Necr           N/A          100%        4    #####..
 Force Lance              Conj/Tloc      #.......     100%        4    #####..
 Fulminant Prism          Conj/Hex       #.........   100%        4    #####..
 Ice Form                 Ice/Tmut       #.......     100%        4    #####..
 Iskenderun's Mystic Bla  Conj           #.......     100%        4    #####..
 Petrify                  Tmut/Erth      #.......     100%        4    #####..
 Summon Ice Beast         Ice/Summ       #.......     100%        4    #####..
 Summon Lightning Spire   Summ/Air       #.......     100%        4    #####..
 Alistair's Intoxication  Tmut/Pois      #.......     100%        5    ######.
 Bolt of Magma            Conj/Fire/Erth #.........   100%        5    ######.
 Borgnjor's Vile Clutch   Necr/Erth      #.........   100%        5    ######.
 Irradiate                Conj/Tmut      #.........   100%        5    ######.
 Iskenderun's Battlesphe  Conj/Chrm      #.......     100%        5    ######.
 Lee's Rapid Deconstruct  Erth           #.........   100%        5    ######.
 Metabolic Englaciation   Hex/Ice        #.........   100%        5    ######.
 Silence                  Hex/Air        #.........   100%        5    ######.
 Summon Mana Viper        Hex/Summ       #.......     100%        5    ######.
 Venom Bolt               Conj/Pois      #.........   100%        5    ######.
 Yara's Violent Unravell  Hex/Tmut       #.........   100%        5    ######.
 Bolt of Cold             Conj/Ice       #.........   100%        6    #######
 Conjure Ball Lightning   Conj/Air       #.........   100%        6    #######
 Darkness                 Hex            #.........   100%        6    #######
 Death Channel            Necr           #.........   100%        6    #######
 Freezing Cloud           Conj/Ice/Air   #.........   100%        6    #######
 Invisibility             Hex            #.......     100%        6    #######
 Iron Shot                Conj/Erth      #.........   100%        6    #######
 Ozocubu's Refrigeration  Ice            #.........   100%        6    #######
 Simulacrum               Ice/Necr       #.........   100%        6    #######
 Orb of Destruction       Conj           #.........   100%        7    #######
 Spellforged Servitor     Conj/Summ      #.........   100%        7    #######
 Summon Hydra             Summ           #.........   100%        7    #######
 Tornado                  Air            #.........   100%        9    #######
 Sublimation of Blood     Necr           Unusable     N/A         2    N/A

Dungeon Overview and Level Annotations

Branches:
Dungeon (15/15)            Temple (1/1) D:5            Lair (6/6) D:9
 Shoals (4/4) Lair:4        Snake (4/4) Lair:3        Slime (0/5) Lair:6
    Orc (2/2) D:10            Elf (0/3) Orc:2        Vaults (0/5) D:14
 Depths (3/5) D:15

Altars:
Ashenzari
Cheibriados
Dithmenos
Elyvilon
Fedhas
Gozag
Hepliaklqana
Kikubaaqudgha
Makhleb
Nemelex Xobeh
Okawaru
Qazlal
Ru
Sif Muna
Trog
Uskayaw
Vehumet
Wu Jian
Xom
Yredelemnul
Zin
The Shining One
Beogh
Jiyva

Shops:
D:7 [   Orc:2 ?*:(   Shoals:1 *   Snake:2 [=![   Snake:4 ?*%?=   Depths:1 }
Depths:2 =

Portals:
Hell: Depths:1 Depths:2
Abyss: Depths:1
Pandemonium: Orc:2 Depths:1 Depths:2 Depths:3
Trove: D:15 (give 5 potions of resistance)

Annotations:
D:8 1 runed door


Innate Abilities, Weirdness & Mutations

You are resistant to torment.
Your stone body is resilient. (AC +16)
You are immune to poison.
Your large and strong wings let you fly indefinitely.
You resist negative energy. (rN+)
You are resistant to electric shocks. (rElec)
You can survive without breathing.
You are immune to petrification.
You are immune to rotting.
You are weak. (Str -2)


Message History

Press: ? - help, Dir - move target cursor
As you read the scroll of blinking, it crumbles to dust.
A fire giant comes into view.
It is wielding a +2 great sword of flaming.
The fire giant shouts!
The fire giant hits you with a +2 great sword of flaming!
* * * LOW HITPOINT WARNING * * *
You hear a grinding noise.
The tengu warrior unwields a +0 great mace.
The tengu warrior wields a +0 arbalest.
The tengu warrior shoots a bolt.
You reflect the bolt off an invisible shield around you!
The bolt closely misses the tengu warrior.
You close the door.
The fire giant hits you with a +2 great sword of flaming.
* * * LOW HITPOINT WARNING * * *
Blink to where?
Press: ? - help, Dir - move target cursor
As you read the scroll of blinking, it crumbles to dust.
You feel like a meek peon again.
Your hands slow down.
The tengu warrior shoots a bolt.
The bolt hits you.
You die...

##e######............≈≈≈§≈≈≈§.#
#.......#...........§≈≈≈≈≈≈≈§.#
#.#####§#.......(....≈§####≈..#
#.# #.#......Q...).§≈# #§..#
#.# #.#...........)≈§# #§..#
#.# #.#............≈≈# #§..#
#.# #.#............≈≈####§..#
#.# #.+§C..........≈≈≈≈≈§≈..#
#'#####.#.....^.@<...........>#
......#.###'###################
.....>#.# #.# .[....#.###.#
......#.....# ......'....##
......###### ......# ......#


You could see a fire giant and a tengu warrior.

Vanquished Creatures
  Sojobo (Depths:2)
  Margery (Depths:2)
  Vashnia (Snake:4)
  An Ice Fiend (Depths:1)
  2 liches
  The ghost of Vutif the Impaler, an adept FoFi of Cheibriados (Snake:1)
  2 titans
  A quicksilver dragon (Depths:3)
  2 krakens
  Kirke (Snake:2)
  A storm dragon (Depths:2)
  4 nagarajas (Snake:4)
  3 tengu reavers (Depths:2)
  3 fire giants
  5 frost giants
  A cacodemon (Depths:1)
  8 stone giants
  4 very ugly things
  5 vampire knights
  A minotaur (Gauntlet)
  6 spark wasps
  A merfolk javelineer (Shoals:4)
  5 ettins
  The ghost of oberejnoburuli the Champion of Chaos, a journeyman DsGl of Makhleb (D:12)
  A yaktaur captain (Depths:3)
  7 merfolk impalers
  3 fire dragons
  2 jiangshi
  Harold (Orc:1)
  A vault guard (D:14)
  3 great orbs of eyes
  Erolcha (D:9)
  5 hydras
  16 naga warriors
  3 ice dragons
  3 spriggan air magi
  3 rakshasas
  A juggernaut simulacrum (Depths:1)
  A caustic shrike simulacrum (Depths:3)
  2 alligator snapping turtles
  3 merfolk avatars
  4 centaur warriors
  19 two-headed ogres
  3 satyrs
  3 merfolk aquamancers
  6 anacondas
  A deep troll shaman (Depths:2)
  7 tengu warriors
  3 ogre magi
  2 vampire magi
  3 deep troll earth magi
  4 orc high priests (Orc:2)
  A spriggan berserker (Depths:2)
  6 death yaks
  9 hell knights
  6 shock serpents
  15 naga sharpshooters
  4 slime creatures
  A soul eater (Orc:2)
  A salamander mystic (Snake:4)
  A wretched star (Gauntlet)
  An unseen horror (shapeshifter) (Depths:1)
  2 unseen horrors
  11 deep trolls
  An infernal demonspawn (Orc:2)
  A kraken simulacrum (Shoals:4)
  19 sea snakes
  A torturous demonspawn (Orc:2)
  6 necromancers
  A wolf spider zombie (D:14)
  2 wizards (Depths:2)
  2 harpies (Shoals:4)
  2 naga ritualists
  2 spectral wolf spiders (D:12)
  6 mana vipers
  8 orc knights
  Pikel (D:7)
  25 ugly things
  9 orc sorcerers (Orc:2)
  9 cyclopes
  12 elephants
  14 manticores
  3 deep elf magi
  5 salamanders
  7 fauns
  2 rust devils
  A frost giant skeleton (Depths:1)
  2 spectral centaurs (D:12)
  24 naga magi
  5 merfolk sirens
  4 guardian serpents
  3 ice statues
  4 water nymphs
  25 black mambas
  A smoke demon (Depths:1)
  5 gargoyles
  An orange demon (Orc:2)
  9 spiny frogs
  10 komodo dragons
  2 freezing wraiths
  6 yaktaurs
  6 rime drakes
  A redback zombie (D:14)
  A hellwing (Depths:3)
  4 kobold demonologists
  3 ice devils
  6 tengu conjurers
  27 merfolk
  A jumping spider (shapeshifter) (D:15)
  6 trolls
  2 wolf spider simulacra (D:12)
  5 wind drakes
  7 hornets
  17 blink frogs
  16 polar bears
  15 dream sheep
  A deep troll zombie (Depths:1)
  12 hippogriffs
  11 snapping turtles
  15 spriggans
  A shadow (D:11)
  10 wyverns
  50 yaks
  An ice dragon skeleton (Depths:1)
  7 water elementals
  2 wraiths
  A vampire (D:15)
  7 basilisks
  A golden eye (shapeshifter) (Depths:2)
  A human (D:7)
  3 chaos spawn
  4 hogs
  4 hungry ghosts
  Edmund (D:6)
  A steam dragon (D:10)
  2 neqoxecs
  A redback simulacrum (D:12)
  A soldier ant (D:10)
  7 wargs
  58 nagas
  An acid dragon (D:14)
  13 water moccasins
  6 porcupines
  11 ice beasts
  5 black bears
  A slave (D:7)
  An eye of draining (D:15)
  6 sky beasts
  36 orc warriors
  2 necrophages
  5 phantoms
  16 boggarts
  41 wolves
  16 centaurs
  The ghost of hemabe the Charlatan, an amateur HuAr (D:3)
  11 crocodiles
  17 ogres
  6 big kobolds
  17 bullfrogs
  Blork the orc (D:6)
  A spectral wyvern (D:12)
  A small abomination (Gauntlet)
  3 scorpions
  23 killer bees
  6 wights
  3 electric eels
  5 howler monkeys
  3 centaur zombies
  5 crimson imps
  2 bullfrog zombies
  2 quasits (D:8)
  6 centaur skeletons
  6 jellies
  23 orc priests
  4 hounds
  6 iguanas
  25 orc wizards
  Crazy Yiuf (D:6)
  An iron imp (Depths:3)
  Jessica (D:2)
  3 bullfrog skeletons
  12 worker ants
  2 hound zombies
  2 hound skeletons
  Robin (D:4)
  2 worker ant zombies
  15 gnolls
  10 adders
  A shadow imp (D:6)
  An ooze (D:4)
  4 adder skeletons
  A worm (D:4)
  4 dart slugs (D:1)
  4 leopard geckos
  97 orcs
  5 giant cockroaches
  17 goblins
  8 hobgoblins
  6 jackals
  34 kobolds
  8 bats
  3 frilled lizards
  3 quokka skeletons
  7 rats
  A bush (Shoals:1)
  A plant (Shoals:1)
  2 tentacles (Shoals:3)
1383 creatures vanquished.

Vanquished Creatures (others)
  A spriggan air mage (Depths:3)
  A centaur warrior (Depths:3)
  2 naga sharpshooters
  A salamander mystic (Depths:3)
  2 deep trolls (Depths:2)
  A cyclops (Orc:2)
  A naga mage (Snake:4)
  A yaktaur (Depths:3)
  An ice devil (Depths:3)
  A yak (IceCv)
  2 wolves (IceCv)
  A centaur (Depths:3)
  A white imp (Depths:1)
  2 orcs (D:7)
  2 kobolds (Bailey)
  2 bushes (Shoals:1)
  6 demonic plants (Gauntlet)
  3 fungi (Lair:2)
  6 plants
  17 tentacles
54 creatures vanquished.

Grand Total: 1437 creatures vanquished

Notes
Turn   | Place    | Note
-------+----------+-------------------------------------------
     0 | D:1      | twirl the Gargoyle Fighter began the quest for the Orb.
     0 | D:1      | Reached XP level 1. HP: 14/14 MP: 1/1
    54 | D:1      | Reached XP level 2. HP: 7/19 MP: 2/2
   682 | D:1      | Reached XP level 3. HP: 23/23 MP: 3/3
  1467 | D:2      | Noticed Jessica
  1470 | D:2      | Killed Jessica
  1470 | D:2      | Reached XP level 4. HP: 29/29 MP: 4/4
  1489 | D:2      | Found a blossoming altar of Fedhas.
  2213 | D:3      | Found a transporter.
  2293 | D:3      | Reached skill level 4 in Fighting
  2293 | D:3      | Reached XP level 5. HP: 10/33 MP: 5/5
  2570 | D:3      | Found a glowing silver altar of Zin.
  2575 | D:3      | Found a shattered altar of Ashenzari.
  2639 | D:3      | Found a transporter.
  2639 | D:3      | Noticed hemabe's ghost (amateur HuAr)
  2640 | D:3      | Noticed a phantom
  3056 | D:4      | Reached XP level 6. HP: 21/38 MP: 6/6
  3645 | D:4      | Found a stormy altar of Qazlal.
  3864 | D:4      | Noticed Robin
  3887 | D:4      | Killed Robin
  4047 | D:5      | Entered Level 5 of the Dungeon
  4077 | D:5      | Noticed a phantom
  4107 | D:5      | Reached XP level 7. HP: 39/44 MP: 7/7
  4116 | D:5      | Reached skill level 5 in Maces & Flails
  4121 | D:5      | Got a steaming hunting sling
  4132 | D:5      | Reached skill level 5 in Fighting
  4179 | D:5      | Reached skill level 5 in Armour
  4179 | D:5      | Reached skill level 5 in Shields
  4531 | D:5      | Found a radiant altar of Vehumet.
  4851 | D:5      | Reached XP level 8. HP: 49/50 MP: 8/8
  4857 | D:5      | Found a staircase to the Ecumenical Temple.
  4877 | Temple   | Entered the Ecumenical Temple
  4934 | Temple   | Became a worshipper of Warmaster Okawaru
  5004 | D:5      | Identified the +7 hunting sling "Coacal" {freeze, SInv}
                  | (You found it on level 5 of the Dungeon)
  5032 | D:6      | Noticed Edmund
  5048 | D:6      | Killed Edmund
  5170 | D:6      | Noticed Blork the orc
  5177 | D:6      | Killed Blork the orc
  5177 | D:6      | Reached * piety under Okawaru
  5339 | D:6      | Reached skill level 6 in Fighting
  5443 | D:6      | Found a runed door.
  5539 | D:6      | Found a shimmering altar of Xom.
  5687 | D:6      | Noticed Crazy Yiuf
  5691 | D:6      | Killed Crazy Yiuf
  5859 | D:7      | Reached skill level 1 in Invocations
  5886 | D:7      | Noticed Pikel
  5892 | D:7      | Killed Pikel
  5892 | D:7      | Reached ** piety under Okawaru
  5892 | D:7      | Reached XP level 9. HP: 34/56 MP: 8/11
  6159 | D:7      | Found a glowing golden altar of the Shining One.
  6210 | D:7      | Reached *** piety under Okawaru
  6210 | D:7      | Reached skill level 7 in Fighting
  6250 | D:7      | Found a flagged portal.
  6258 | D:7      | Reached skill level 5 in Invocations
  6262 | D:7      | Found Zuix's Antique Armour Shop.
  6265 | Bailey   | Entered a bailey
  6468 | Bailey   | Noticed an orc knight
  6469 | Bailey   | Noticed an orc knight
  6489 | Bailey   | Killed an orc knight
  6489 | Bailey   | Reached **** piety under Okawaru
  6489 | Bailey   | Reached XP level 10. HP: 13/64 MP: 11/13
  6514 | Bailey   | Killed an orc knight
  6774 | Bailey   | Found a burning altar of Makhleb.
  7469 | D:8      | Reached skill level 8 in Fighting
  7525 | D:8      | Reached ***** piety under Okawaru
  7652 | D:8      | Reached skill level 10 in Maces & Flails
  7728 | D:8      | Found a white marble altar of Elyvilon.
  7728 | D:8      | Found a runed door.
  7728 | D:8      | Noticed an angel
  8074 | D:8      | Received a gift from Okawaru
  8086 | D:8      | Got a pair of ancient gloves {god gift}
  8207 | D:8      | Identified the +0 pair of gloves of Exclusion {*Corrode
                  | rC+++ Dex+4 Stlth+} (Okawaru gifted it to you on level 8 of
                  | the Dungeon)
  8285 | D:8      | Found a radiant altar of Vehumet.
  8756 | D:9      | Reached XP level 11. HP: 54/69 MP: 14/14
  8760 | D:9      | Reached skill level 9 in Fighting
  9354 | D:9      | Noticed Erolcha
  9364 | D:9      | Killed Erolcha
  9558 | D:9      | Found a staircase to the Lair.
  9884 | D:10     | Entered Level 10 of the Dungeon
 10110 | D:10     | Reached skill level 10 in Fighting
 10326 | D:10     | Reached skill level 10 in Armour
 10492 | D:10     | Found a staircase to the Orcish Mines.
 10496 | D:10     | Received a gift from Okawaru
 10697 | D:10     | Noticed a two-headed ogre
 10705 | D:10     | Killed a two-headed ogre
 10705 | D:10     | Reached XP level 12. HP: 66/78 MP: 15/15
 11049 | D:11     | Found a frozen archway.
 11079 | IceCv    | Entered an ice cave
 11325 | IceCv    | Got a heavily runed brass ring
 11367 | IceCv    | Reached ****** piety under Okawaru
 11586 | IceCv    | Reached skill level 11 in Fighting
 11823 | IceCv    | Received a gift from Okawaru
 12015 | IceCv    | Noticed a frost giant
 12015 | IceCv    | Noticed a death yak
 12033 | IceCv    | Killed a death yak
 12058 | IceCv    | Killed a frost giant
 12704 | D:11     | Identified the ring of Xaleghon {Str+6 Int+4} (You found it
                  | in an ice cave)
 12934 | D:11     | Reached XP level 13. HP: 84/84 MP: 16/16
 12987 | D:11     | Found a roughly hewn altar of Beogh.
 13699 | D:11     | Reached skill level 12 in Fighting
 14170 | D:12     | Found a runed gate.
 14170 | D:12     | Found a runed gate.
 14170 | D:12     | Found a runed gate.
 14175 | D:12     | Noticed oberejnoburuli's ghost (journeyman DsGl)
 14368 | D:12     | Received a gift from Okawaru
 14712 | D:12     | Killed oberejnoburuli's ghost
 14879 | Lair:1   | Entered Level 1 of the Lair of Beasts
 14959 | Lair:1   | Reached skill level 13 in Fighting
 15823 | Lair:2   | Found a gate leading to a gauntlet.
 15840 | Gauntlet | Entered a Gauntlet
 15840 | Gauntlet | Found a transporter.
 15840 | Gauntlet | Found a transporter.
 15857 | Gauntlet | Found a transporter.
 15861 | Gauntlet | Found a transporter.
 15871 | Gauntlet | Found a transporter.
 15892 | Gauntlet | Found a transporter.
 15903 | Gauntlet | Found a transporter.
 15909 | Gauntlet | Found a transporter.
 15951 | Gauntlet | Found a transporter.
 15968 | Gauntlet | Found a transporter.
 15976 | Gauntlet | Found a transporter.
 15993 | Gauntlet | Found a transporter.
 16032 | Gauntlet | Got an encrusted hat
 16096 | Gauntlet | Noticed a minotaur
 16105 | Gauntlet | Killed a minotaur
 16111 | Gauntlet | Got a steaming leather armour
 16112 | Gauntlet | Upgraded the game from 0.23-a0-577-g2b1de944cd to
                  | 0.23-a0-582-g1b4a0ca2fb
 16244 | Lair:2   | Identified the +0 hat of the Untouchables {rElec} (You
                  | found it in a Gauntlet)
 16245 | Lair:2   | Identified the +1 leather armour of the Hippo {rElec} (You
                  | found it in a Gauntlet)
 16268 | Lair:2   | Identified a scroll of acquirement
 17064 | Lair:2   | Gained mutation: Your large and strong wings let you fly
                  | indefinitely. [Gargoyle growth]
 17064 | Lair:2   | Reached XP level 14. HP: 95/95 MP: 17/17
 17221 | Lair:3   | Received a gift from Okawaru
 17229 | Lair:3   | Reached skill level 14 in Fighting
 18179 | Lair:3   | Found a staircase to the Snake Pit.
 18981 | Lair:4   | Found a staircase to the Shoals.
 18991 | Lair:4   | Reached skill level 15 in Fighting
 19514 | Lair:5   | Reached skill level 15 in Armour
 19545 | Lair:5   | Received a gift from Okawaru
 20086 | Lair:5   | Got an encrusted demon whip {god gift}
 20087 | Lair:5   | Identified the +11 demon whip of the Ass {flame, *Slow
                  | rN++} (Okawaru gifted it to you on level 5 of the Lair of
                  | Beasts)
 20121 | Lair:6   | Entered Level 6 of the Lair of Beasts
 20639 | Lair:6   | Reached XP level 15. HP: 61/104 MP: 15/18
 20766 | Lair:6   | Received a gift from Okawaru
 21070 | Lair:6   | Found a viscous altar of Jiyva.
 21070 | Lair:6   | Found a staircase to the Slime Pits.
 21145 | Lair:6   | Reached skill level 16 in Fighting
 22265 | D:13     | Reached skill level 1 in Dodging
 22516 | D:13     | Got a shimmering trident
 22517 | D:13     | Identified the +9 trident of Plog {pierce, Int+6} (You
                  | found it on level 13 of the Dungeon)
 23760 | D:14     | Found a gate to the Vaults.
 23788 | D:14     | Received a gift from Okawaru
 24711 | D:15     | Entered Level 15 of the Dungeon
 24891 | D:15     | Found a portal to a secret trove of treasure.
 24898 | D:15     | Reached skill level 17 in Fighting
 24916 | D:15     | Reached XP level 16. HP: 60/112 MP: 19/19
 25566 | D:15     | Found a hazy altar of Hepliaklqana.
 25585 | D:15     | Reached skill level 15 in Maces & Flails
 25585 | D:15     | Reached skill level 5 in Dodging
 25650 | D:15     | Received a gift from Okawaru
 25730 | D:15     | Found a staircase to the Depths.
 26496 | D:3      | Killed hemabe's ghost
 26802 | Orc:1    | Entered Level 1 of the Orcish Mines
 27096 | Orc:2    | Entered Level 2 of the Orcish Mines
 27388 | Orc:1    | Noticed Harold
 27412 | Orc:1    | Killed Harold
 27840 | Orc:2    | Found a roughly hewn altar of Beogh.
 28465 | Orc:2    | Found Koitwob's General Store.
 28511 | Orc:2    | Found Rihim's Magic Scroll Shop.
 29348 | Orc:2    | Received a gift from Okawaru
 29503 | Orc:2    | Found Waffept's Antique Weapon Emporium.
 29503 | Orc:2    | Found a one-way gate leading to the halls of Pandemonium.
 29503 | Orc:2    | Found Jaufreunass's Book Shoppe.
 29831 | Orc:2    | Found a staircase to the Elven Halls.
 30062 | Orc:2    | Bought a scroll of identify for 36 gold pieces
 30062 | Orc:2    | Bought a scroll of magic mapping for 63 gold pieces
 30101 | Orc:2    | Found a roughly hewn altar of Beogh.
 30366 | Orc:2    | Found Jaufreunass's Book Shoppe.
 30366 | Orc:2    | Found a one-way gate leading to the halls of Pandemonium.
 30366 | Orc:2    | Found Waffept's Antique Weapon Emporium.
 30456 | Orc:2    | Found a staircase to the Elven Halls.
 30628 | Orc:2    | Learned a level 6 spell: Deflect Missiles
 30631 | Orc:2    | Learned a level 2 spell: Passwall
 30633 | Orc:2    | Learned a level 1 spell: Apportation
 30638 | Orc:2    | Learned a level 4 spell: Passage of Golubria
 30822 | Snake:1  | Entered Level 1 of the Snake Pit
 30902 | Snake:1  | Found a flickering gateway to a bazaar.
 30907 | Bazaar   | Entered a bazaar
 30907 | Bazaar   | Found Xemih's Assorted Antiques.
 30907 | Bazaar   | Found Hitralumo's Magic Scroll Shoppe.
 30907 | Bazaar   | Found Recuink's Magic Scroll Emporium.
 30909 | Bazaar   | Found Orchae's Distillery.
 30929 | Bazaar   | Bought the +10 morningstar "Eos" {elec, Halo rElec} for
                  | 1406 gold pieces
 30929 | Bazaar   | Found the +10 morningstar "Eos" {elec, Halo rElec}
 30929 | Bazaar   | Bought a scroll of magic mapping for 66 gold pieces
 30929 | Bazaar   | Bought a scroll of identify for 38 gold pieces
 30932 | Bazaar   | Bought a scroll of identify for 32 gold pieces
 30932 | Bazaar   | Bought a scroll of identify for 32 gold pieces
 30932 | Bazaar   | Bought a scroll of blinking for 120 gold pieces
 30932 | Bazaar   | Bought a scroll of enchant armour for 120 gold pieces
 30932 | Bazaar   | Bought a scroll of enchant armour for 120 gold pieces
 30932 | Bazaar   | Bought a scroll of magic mapping for 56 gold pieces
 30932 | Bazaar   | Bought a scroll of enchant weapon for 120 gold pieces
 30935 | Bazaar   | Bought 2 potions of resistance for 160 gold pieces
 30935 | Bazaar   | Bought a potion of haste for 80 gold pieces
 30935 | Bazaar   | Bought a potion of might for 32 gold pieces
 30935 | Bazaar   | Bought a potion of haste for 80 gold pieces
 30935 | Bazaar   | Bought a potion of mutation for 64 gold pieces
 30935 | Bazaar   | Bought a potion of mutation for 64 gold pieces
 30938 | Bazaar   | Bought a scroll of identify for 26 gold pieces
 30938 | Bazaar   | Bought a scroll of enchant armour for 97 gold pieces
 30938 | Bazaar   | Bought a scroll of enchant armour for 97 gold pieces
 30938 | Bazaar   | Bought a scroll of identify for 26 gold pieces
 30938 | Bazaar   | Bought a scroll of identify for 26 gold pieces
 31335 | Snake:1  | Found a basalt altar of Yredelemnul.
 31366 | Snake:1  | Reached skill level 1 in Spellcasting
 31603 | Snake:1  | Found a large runed door.
 31603 | Snake:1  | Found a large runed door.
 31663 | Snake:1  | Received a gift from Okawaru
 31675 | Snake:1  | Got a pair of ancient gloves {god gift}
 31721 | Snake:1  | Identified the +1 pair of gloves of the True Pharaoh {rCorr
                  | Str+2 Dex-2} (Okawaru gifted it to you on level 1 of the
                  | Snake Pit)
 31798 | Snake:1  | Reached skill level 18 in Fighting
 31948 | Snake:1  | Reached XP level 17. HP: 119/119 MP: 20/20
 32009 | Snake:1  | Noticed Vutif's ghost (adept FoFi)
 32198 | Snake:1  | Killed Vutif's ghost
 32773 | Snake:2  | Found a sacrificial altar of Ru.
 33056 | Snake:2  | Found Cepoisu's Distillery.
 33082 | Snake:2  | Found Aqyrew's Antique Armour Shoppe.
 33082 | Snake:2  | Found Cumoc's Armour Emporium.
 33094 | Snake:2  | Found Nudyoseg's Jewellery Emporium.
 33164 | Snake:2  | Noticed Kirke
 33172 | Snake:2  | Killed Kirke
 34598 | Snake:4  | Entered Level 4 of the Snake Pit
 34598 | Snake:4  | Found Nuf Gosh's Jewellery Emporium.
 34691 | Snake:4  | Found Ohey's Food Shoppe.
 34976 | Snake:4  | Received a gift from Okawaru
 34983 | Snake:4  | Noticed Vashnia
 35052 | Snake:4  | Reached skill level 10 in Shields
 35071 | Snake:4  | Killed Vashnia
 35282 | Snake:4  | Found Cestec's Magic Scroll Shop.
 35707 | Snake:4  | Reached XP level 18. HP: 101/126 MP: 24/24
 36228 | Snake:4  | Found Hileh's Assorted Antiques.
 36242 | Snake:4  | Bought a peridot ring for 115 gold pieces
 36247 | Snake:4  | Received a gift from Okawaru
 36420 | Snake:4  | Found Vewn's Magic Scroll Emporium.
 36512 | Snake:4  | Reached skill level 19 in Fighting
 36671 | Snake:4  | Reached skill level 1 in Charms
 36676 | Snake:4  | Reached skill level 1 in Air Magic
 36741 | Snake:4  | Got a serpentine rune of Zot
 36999 | Snake:4  | Got a smoking troll leather armour {god gift}
 37000 | Snake:4  | Identified the +1 troll leather armour "Mietsul" {-Cast
                  | Regen+ Str+8 Dex-5 Stlth+} (Okawaru gifted it to you on
                  | level 4 of the Snake Pit)
 37154 | Shoals:1 | Entered Level 1 of the Shoals
 37319 | Shoals:1 | Found Qahileprea's General Store.
 37330 | Shoals:1 | Bought a wand of acid (7) for 330 gold pieces
 37330 | Shoals:1 | Bought a potion of heal wounds for 75 gold pieces
 38466 | Shoals:1 | Identified the cursed +0 animal skin "Koan" {rF+ rC++
                  | Int+3} (You found it on level 1 of the Shoals)
 41150 | Shoals:4 | Entered Level 4 of the Shoals
 41224 | Shoals:4 | Received a gift from Okawaru
 41576 | Shoals:4 | Got an ichor-stained chain mail
 41627 | Shoals:4 | Identified the +6 chain mail "Ruma" {Regen+ Int+2 Stlth+}
                  | (You found it on level 4 of the Shoals)
 41663 | Shoals:4 | Reached XP level 19. HP: 120/133 MP: 25/25
 41805 | Shoals:4 | Got a bloodstained plate armour {god gift}
 41806 | Shoals:4 | Identified the +7 plate armour of Zainaxam {Regen+}
                  | (Okawaru gifted it to you on level 4 of the Shoals)
 41902 | Shoals:4 | Got a barnacled rune of Zot
 42632 | Shoals:4 | Reached skill level 15 in Shields
 43216 | Depths:1 | Entered Level 1 of the Depths
 43255 | D:15     | Reached skill level 20 in Fighting
 43725 | Depths:1 | Noticed an Ice Fiend
 43768 | Depths:1 | Killed an Ice Fiend
 44299 | Depths:1 | Found Toirryunt's Gadget Emporium.
 44403 | Depths:1 | Received a gift from Okawaru
 44406 | Depths:1 | Reached skill level 21 in Fighting
 44638 | Depths:1 | Found a one-way gate to the infinite horrors of the Abyss.
 44658 | Depths:1 | Found a gateway to Hell.
 44741 | Depths:1 | Gained mutation: You are weak. (Str -2) [a cacodemon]
 44902 | Depths:1 | Identified the Incunabulum of Unholy Rituals
 45321 | Depths:2 | Received a gift from Okawaru
 45388 | Depths:2 | Reached XP level 20. HP: 144/144 MP: 24/26
 45417 | Depths:2 | Received a gift from Okawaru
 45424 | Depths:2 | Got an iridescent war axe {god gift}
 45425 | Depths:2 | Identified the +8 war axe "Gram" {elec, +Blink rElec rN+++
                  | MR-} (Okawaru gifted it to you on level 2 of the Depths)
 45476 | Depths:2 | Noticed Sojobo
 45488 | Depths:2 | Reached skill level 22 in Fighting
 45629 | Depths:2 | Noticed Margery
 45647 | Depths:2 | Killed Margery
 45914 | Depths:2 | Killed Sojobo
 46015 | Depths:2 | Received a gift from Okawaru
 46112 | Depths:2 | Identified the ring "Gostra" {rF++ AC+5 Int-4 Dex+4 Stlth+}
 46114 | Depths:2 | Paralysed by a vampire knight for 3 turns
 46173 | Depths:2 | Identified the ring "Gitaist" {rC+ rN+ Str+3 Slay-3}
 46175 | Depths:2 | Identified the ring "Sutroev" {-Tele rPois rF+ rN+ Str+3}
 46528 | Depths:2 | Got a crude ivory ring
 46572 | Depths:2 | Identified the +1 robe "Popheuq" {-Tele rC+ MP+9 Str+2}
 46590 | Depths:2 | Reached skill level 23 in Fighting
 46773 | Depths:2 | Found a radiant altar of Vehumet.
 47096 | Depths:2 | Found Naser's Jewellery Shoppe.
 47235 | Depths:2 | Received a gift from Okawaru
 47570 | Depths:3 | Found an iron altar of Okawaru.
 47820 | Depths:3 | Reached skill level 24 in Fighting
 47861 | Depths:3 | Reached XP level 21. HP: 58/156 MP: 19/27
 47909 | Depths:3 | HP: 2/156 [fire giant/+2 great sword of flaming (7)]
 47911 | Depths:3 | Shot with a bolt by a tengu warrior

Vault maps used:
D:1:      minmay_arrival_four_houses, st_stairs_1, patterned_corridor
D:2:      fedhas_altar_2, first_ration, uniq_jessica
D:3:      minitemple, gammafunk_ghost_mausoleum, grunt_ministairs_11
D:4:      old_standard_altar, uniq_robin
D:5:      kennysheep_mini_moat, minmay_temple_entry_offerings,
          minmay_quadrilaterals
D:6:      kennysheep_mini, uniq_blork_the_orc, uniq_crazy_yiuf_cottage,
          uniq_edmund
D:7:      kennysheep_little_box, enter_bailey_1, serial_shops,
          nicolae_shop_trees, grunt_livestock, mrwooster_statue_mirror,
          uniq_pikel
D:8:      minmay_s_stair_smasher, minivault_14, kennysheep_flooded_box,
          lemuel_angel_altar
D:9:      david_lair_generic, uniq_erolcha
D:10:     minmay_orc_entry_guard_dogs
D:11:     portal_ice_cave_rime, special_room
D:12:     gammafunk_ghost_necromancy, kennysheep_small_square
D:14:     david_vaults_5, fountainhead
D:15:     grunt_enter_depths_giant_problem, grunt_decor_one_mirror, basic_altar,
          nicolae_trove_entry_crossroad, grunt_ministairs_6
Temple:   eino_wide_crystal_templ
Lair:1:   guppyfry_lair_drakes
Lair:2:   gauntlet_entry_generic
Lair:3:   guppyfry_snake_entry_island
Lair:4:   minmay_shoals_entry_hut, grunt_megastairs_1
Lair:6:   minmay_lair_end_enchanted_forest, dpeg_slime_entry_enclosed_altar,
          grunt_megastairs_3, serial_bayou_shore_b, serial_bayou_shore_b
Shoals:1: argonaut_golden_fleece, serial_shops, shop
Shoals:2: nicolae_shoals_island_circles
Shoals:3: nicolae_shoals_kraken_intersection
Shoals:4: shoals_end_grunt_ice
Snake:1:  basic_altar, ebering_ghost_disaster_area, serial_shops,
          bzr_entry_road, serial_bayou_shore_a
Snake:2:  basic_altar, minmay_shoptagon, basic_stair_grate_trap, uniq_kirke
Snake:3:  st_stairs_12, spider_trap
Snake:4:  snake_pit, serial_shops, nicolae_shop_waterfront, nicolae_shop_trees,
          shop, nicolae_shop_statue_plus, nicolae_shop_waterfront, uniq_vashnia
Orc:1:    nicolae_orc_sculptors_studio, uniq_harold
Orc:2:    pf_orc_diabolical, basic_altar
Depths:1: bh_walls_and_bars, serial_shops, shop, rand_demon_pan_entry_9,
          abyss_entry, hell_entry, hangedman_abyss_or_decor_passed, ice2_lemuel
Depths:2: minmay_the_grid_triangle_9x9_rhombus_thin, serial_bayou,
          serial_bayou_pond_a, serial_bayou_pond_d, serial_bayou_pond_d,
          serial_bayou_pond_e, serial_shops, nicolae_shop_trees,
          grunt_metal_band, pan_entry, grunt_tower_of_power,
          basic_stair_grate_trap, minmay_staircase_windowed_small, uniq_sojobo
Depths:3: grunt_crosshair, grunt_pan_entry_zigzag, pf_hell_entry_great_geh,
          okawaru_ov_weapons_minmay
Bazaar:   bazaar_general_marketplace
Bailey:   bailey_axe_3, bailey
IceCv:    ice_cave_caverns_02
Gauntlet: gammafunk_gauntlet_shortcut

Skill      XL: |  1  2  3  4  5  6  7  8  9 10 11 12 13 14 15 16 17 18 19 20 |
---------------+-------------------------------------------------------------+-----
Maces & Flails | 3 4 5 7 9 10 12 14 15 16 | 16.0
Fighting       | 4 5 6 7 8 10 11 13 15 17 18 19 21 24 | 24.2
Armour         | 4 5 6 7 8 10 11 13 15 16 | 16.1
Shields        | 4 5 6 7 11 14 15 | 15.0
Invocations    | 2 5 8 |  8.0
Dodging        | 4 6 |  6.6
Spellcasting   | 2 |  2.0
Charms         | 3 |  3.0
Air Magic      | 3 |  3.0

Action                   |  1- 3 |  4- 6 |  7- 9 | 10-12 | 13-15 | 16-18 | 19-21 || total
-------------------------+-------+-------+-------+-------+-------+-------+-------++-------
Melee: Flail             |    91 |   290 |   133 |       |       |       |       ||   514
       Dire flail        |       |       |   143 |   761 |  1031 |       |       ||  1935
       Great mace        |       |       |       |       |   336 |   500 |       ||   836
       Morningstar       |       |       |       |       |       |  1005 |   919 ||  1924
Invok: Heroism           |       |       |     1 |     2 |     4 |    23 |    11 ||    41
       Finesse           |       |       |       |       |     1 |     5 |     2 ||     8
 Abil: Fly               |       |       |       |       |     1 |       |     1 ||     2
       Stop Flying       |       |       |       |       |       |       |     2 ||     2
  Use: Scroll            |       |       |    10 |     7 |    14 |    15 |    12 ||    58
       Potion            |       |       |     2 |     1 |       |     1 |     3 ||     7
  Eat: Chunk             |     2 |     9 |     6 |    14 |    40 |    19 |    21 ||   111
       Ration            |       |       |     1 |     3 |       |    10 |       ||    14
Armor: Scale mail        |    70 |   219 |    81 |       |       |       |       ||   370
       Ring mail         |       |       |   106 |     6 |       |       |       ||   112
       Plate armour      |       |       |       |   546 |  1006 |   803 |   530 ||  2885
       Skin              |       |       |       |       |       |       |     1 ||     1
Dodge: Dodged            |    36 |   123 |   155 |   251 |   426 |   578 |   301 ||  1870
Block: Shield            |    63 |   200 |    72 |       |       |   941 |   855 ||  2131
       Other             |       |       |    22 |    86 |   261 |   116 |       ||   485
       Reflection        |       |       |     8 |     5 |     6 |   166 |    59 ||   244

Table legend:
 A = Non-vault XP
 B = Vault XP
 C = Vault XP percentage of total XP
 D = Non-vault monster count
 E = Vault monster count
 F = Vault count percentage of total count
                 A         B        C        D         E       F
            +---------+---------+-------+---------+---------+-------
      Total |  297681 |  201444 |  40.4 |     939 |     453 |  32.5
            +---------+---------+-------+---------+---------+-------
        D:1 |      44 |       4 |   8.3 |      21 |       3 |  12.5
        D:2 |      52 |      37 |  41.6 |      19 |       1 |   5.0
        D:3 |      19 |     398 |  95.4 |       4 |      10 |  71.4
        D:4 |     331 |      40 |  10.8 |      21 |      13 |  38.2
        D:5 |     593 |      22 |   3.6 |      13 |       4 |  23.5
        D:6 |     564 |     316 |  35.9 |      14 |       3 |  17.6
        D:7 |     845 |    1546 |  64.7 |      21 |       6 |  22.2
        D:8 |    2440 |     592 |  19.5 |      39 |      12 |  23.5
        D:9 |    3046 |    1831 |  37.5 |      55 |       5 |   8.3
       D:10 |    4564 |     486 |   9.6 |      43 |       3 |   6.5
       D:11 |    3134 |    1115 |  26.2 |      22 |      18 |  45.0
       D:12 |    2371 |    5845 |  71.1 |      16 |      14 |  46.7
       D:13 |    8175 |       0 |   0.0 |      38 |       0 |   0.0
       D:14 |   14310 |    5007 |  25.9 |      36 |       9 |  20.0
       D:15 |   23809 |    5043 |  17.5 |      46 |       7 |  13.2
     Lair:1 |    2326 |     739 |  24.1 |       9 |       2 |  18.2
     Lair:2 |    6693 |       0 |   0.0 |      28 |       0 |   0.0
     Lair:3 |   10294 |     322 |   3.0 |      25 |       2 |   7.4
     Lair:4 |    5662 |    1704 |  23.1 |      20 |       6 |  23.1
     Lair:5 |    5128 |       0 |   0.0 |      19 |       0 |   0.0
     Lair:6 |    9677 |    8954 |  48.1 |      31 |      52 |  62.7
   Shoals:1 |    7079 |    2152 |  23.3 |      11 |       2 |  15.4
   Shoals:2 |   11574 |       0 |   0.0 |      27 |       0 |   0.0
   Shoals:3 |   13915 |    2395 |  14.7 |      32 |       1 |   3.0
   Shoals:4 |   13456 |   21260 |  61.2 |      28 |      34 |  54.8
    Snake:1 |   15686 |    2701 |  14.7 |      35 |       1 |   2.8
    Snake:2 |   13644 |    2362 |  14.8 |      25 |       2 |   7.4
    Snake:3 |    7459 |     832 |  10.0 |      18 |       1 |   5.3
    Snake:4 |   20891 |   35053 |  62.7 |      44 |      49 |  52.7
      Orc:1 |     696 |    1028 |  59.6 |      13 |       1 |   7.1
      Orc:2 |    6339 |   15223 |  70.6 |      55 |      59 |  51.8
   Depths:1 |   23743 |    8740 |  26.9 |      36 |      17 |  32.1
   Depths:2 |   37694 |   47177 |  55.6 |      48 |      33 |  40.7
   Depths:3 |   21428 |   12933 |  37.6 |      27 |      14 |  34.1
     Bailey |       0 |    1415 | 100.0 |       0 |      14 | 100.0
      IceCv |       0 |   11911 | 100.0 |       0 |      51 | 100.0
   Gauntlet |       0 |    2261 | 100.0 |       0 |       4 | 100.0
            +---------+---------+-------+---------+---------+-------
